 Dungeon Crawl Stone Soup version 0.31-a0-1074-g0b22e4e0f1 (webtiles) character file.

Game seed: 4007797024976544947

116 IdlyInterested the Trooper (level 4, 0/55 HPs)
             Began as a Demonspawn Gladiator on Nov 29, 2023.
             Succumbed to a gnoll's poison
             ... on level 3 of the Dungeon.
             The game lasted 00:05:34 (2029 turns).

IdlyInterested the Trooper (Demonspawn Gladiator)   Turns: 2029, Time: 00:05:35

Health: 0/55       AC: 22    Str: 14    XL:     4   Next: 70%
Magic:  4/4        EV:  2    Int: 11    God:
Gold:   175        SH:  0    Dex: 15    Spells: 3/3 levels left

rFire   . . .        a - +0 quarterstaff
rCold   + . .        (shield currently unavailable)
rNeg    . . .        m - melded +0 scale mail
rPois   +            c - melded +0 helmet
rElec   .            (cloak currently unavailable)
rCorr   .            (gloves currently unavailable)
SInv    .            (boots currently unavailable)
Will    .....        x - amulet of magic regeneration
Stlth   +            n - ring of protection from cold
HPRegen 0.29/turn    (no ring)
MPRegen 0.58/turn

%: no passive effects
@: lethally poisoned (0 -> -18), tree-form
A: stationary, stasis, torment immunity, boosted hp, repulsion field 1, magic
regeneration
a: no special abilities


You were on level 3 of the Dungeon.
You were a tree.
You visited 1 branch of the dungeon, and saw 3 of its levels.

You collected 175 gold pieces.

Inventory:

Hand Weapons
 a - a +0 quarterstaff (weapon)
 l - a +0 rapier of protection
 u - a +0 flail
Missiles
 d - 3 throwing nets
 e - a javelin
 g - 2 poisoned darts (quivered)
 k - 22 stones
Armour
 b - a +0 leather armour
 c - a +0 helmet (melded)
 h - a +0 ring mail
 m - a +0 scale mail (melded)
 o - a +0 chain mail
 q - a +0 kite shield
Jewellery
 n - a ring of protection from cold (left branch)
 x - an amulet of magic regeneration (around neck)
Wands
 y - a wand of flame (24)
Scrolls
 f - a scroll of poison
 i - a scroll of revelation
 j - 6 scrolls of teleportation
 s - a scroll of butterflies {unknown}
 t - 3 scrolls of noise {unknown}
 w - a scroll of immolation {unknown}
Potions
 p - a potion of degeneration {unknown}
 r - a potion of might {unknown}
 v - a potion of lignification
 z - a potion of mutation {unknown}


   Skills:
 + Level 4.2 Fighting
 - Level 2.6 Staves
 - Level 2.0 Throwing
 - Level 1.0 Armour
 - Level 3.0 Dodging
 - Level 1.0 Evocations


You had 3 spell levels left.
You didn't know any spells.
Your spell library contained the following spells:

 Spells                   Type           Power      Damage    Failure   Level
 Blink                    Tloc           0%         N/A       47%         2
 Leda's Liquefaction      Hex/Erth       0%         N/A       98%         4
 Manifold Assault         Tloc           0%         N/A       98%         4
 Lee's Rapid Deconstruct  Erth           0%         3d4*      100%        5
 Bombard                  Conj/Erth      0%         9d1       100%        6


Dungeon Overview and Level Annotations

Branches:
Dungeon (3/15)

Altars:
Fedhas

Shops:
D:1 :


Innate Abilities, Weirdness & Mutations

You are a tree.
Your roots penetrate the ground, keeping you stationary.
You cannot be teleported.
You are immune to unholy pain and torment.
Your maximum health is greatly increased.
Your equipment is partially melded.
You are surrounded by a mild repulsion field. (EV +2)
You regenerate magic rapidly.


Message History

The poisoned dart closely misses the gnoll.
A gnoll comes into view. It is wielding a +0 whip.
The gnoll looks more healthy.
The gnoll attacks as it pursues you!
The gnoll hits you from afar with a +0 spear of venom.
You are poisoned.
You feel very sick.
You feel very sick.
You feel sick.
You feel sick. The gnoll attacks as it pursues you!
The gnoll closely misses you.
There is an open door here.
You feel sick. The gnoll barely misses you.
You hit the gnoll but do no damage.
The gnoll is moderately wounded.
You feel sick.
The gnoll hits you with a +0 spear of venom.
You are more poisoned.
You hit the gnoll.
The gnoll is severely wounded.
You feel very sick.
The gnoll hits you with a +0 spear of venom.
* * * LOW HITPOINT WARNING * * *
You are lethally poisoned!
It was a potion of lignification.
You turn into a tree.
Your +0 helmet melds into your body.
Your +0 scale mail melds into your body.
Your roots penetrate the ground.
* * * LOW HITPOINT WARNING * * *
You feel very sick.
The gnoll shouts!
The gnoll hits you but does no damage.
You barely miss the gnoll.
The gnoll is severely wounded.
* * * LOW HITPOINT WARNING * * *
You feel very sick.
The gnoll hits you but does no damage. x2
You are more poisoned.
You hit the gnoll.
You kill the gnoll!
You die...

..#.###### ..((.. ..#.#....#
g(..<## ..#.#.##.# g...>#
..#.#..#.# ....# ###
###.##.#.# .... ..#
###....#.####### #..###.#
..######.#.....# #....#.#
..#......#.....########.#.#.#
..#.######.....'♣)gg.g....#.#
..#.#....#.....########.###.#
..#.#.##.#.....###..........#
..#.#..#.#'#.....#+####.#####
..#.##.#.#.#.##†#.....#.#
..#....#.###.##.+.....#.# .
######.# #.####.....#.#
#......###....#.....#.#
#.######..###.#.....#


You could see 3 gnolls.

Vanquished Creatures
  An orc priest (D:3)
  An orc wizard (D:3)
  A gnoll (D:3)
  2 adders (D:3)
  2 worms
  4 orcs (D:3)
  5 bats
  4 endoplasms
  A giant cockroach (D:3)
  4 goblins
  A hobgoblin (D:2)
  2 quokkas
  2 ball pythons
  3 frilled lizards
  4 rats
37 creatures vanquished.

Notes
Turn   | Place    | Note
-------+----------+-------------------------------------------
     0 | D:1      | IdlyInterested the Demonspawn Gladiator began the quest for
                  | the Orb.
     0 | D:1      | Reached XP level 1. HP: 16/16 MP: 1/1
   205 | D:1      | Found Bakhi's Book Boutique.
   205 | D:1      | Noticed a walking crystal tome
   206 | D:1      | Noticed a walking crystal tome
   217 | D:1      | Reached skill level 1 in Armour
   300 | D:1      | Gained mutation: You are surrounded by a mild repulsion
                  | field. (EV +2) [demonic ancestry]
   300 | D:1      | Reached XP level 2. HP: 22/22 MP: 2/2
   724 | D:2      | Reached skill level 1 in Evocations
   924 | D:2      | Found a blossoming altar of Fedhas.
  1457 | D:3      | Gained mutation: You regenerate magic rapidly. [demonic
                  | ancestry]
  1457 | D:3      | Reached XP level 3. HP: 23/28 MP: 3/3
  1653 | D:3      | Reached skill level 3 in Fighting
  1653 | D:3      | Reached XP level 4. HP: 13/35 MP: 4/4
  1827 | D:3      | Reached skill level 4 in Fighting
  2029 | D:3      | Succumbed to a gnoll's poison

Illustrated notes

Levels and vault maps discovered:
D:1:      moated_graveyard_arrival, layout_loops_ring, serial_shops,
          nicolae_shop_mannequins, kennysheep_minor_cross
D:2:      layout_basic, basic_altar
D:3:      layout_basic, wad_floor_pattern_untrapped, patterned_corridor

Skill      XL: |  1  2  3  4 |
---------------+-------------+-----
Armour         | 1 |  1.0
Evocations     | 1 |  1.0
Dodging        | 3 |  3.0
Throwing       | 2 |  2.0
Fighting       | 3 4 |  4.2
Staves         | |  2.6

Action                     |  1- 3 |  4- 6 || total
---------------------------+-------+-------++-------
  Melee: Quarterstaff      |    93 |    35 ||   128
  Throw: Dart              |     6 |     4 ||    10
         Javelin           |     1 |       ||     1
    Use: Scroll            |     3 |       ||     3
         Potion            |       |     1 ||     1
 Armour: Leather armour    |     8 |       ||     8
         Scale mail        |    33 |    25 ||    58
         Ring mail         |     7 |       ||     7
         Skin              |       |     3 ||     3
  Dodge: Dodged            |    65 |    16 ||    81

Table legend: (Time is in decaauts)
 A = Elapsed time spent in this place.
 B = Non-inter-level travel time spent in this place.
 C = Inter-level travel time spent in this place.
 D = Time resting spent in this place.
 E = Time spent auto-exploring this place.
 F = Levels seen in this place.
 G = Mean time per level.
                   A        B        C        D        E       F      G
               +--------+--------+--------+--------+--------+-----+--------+
         Total |   2048 |   1885 |    163 |    188 |   1138 |   3 |  682.7 |
       Dungeon |   2048 |   1885 |    163 |    188 |   1138 |   3 |  682.7 |
               +--------+--------+--------+--------+--------+-----+--------+

Top non-repeatable levels by time:
     D:1: 803 daAuts
     D:2: 641 daAuts
     D:3: 603 daAuts
